Map: 아크로폴리스 - 래더

Players

Ragnarok (SHIN)

  • Race: Zerg Zerg
  • Spawn Location: 11:00

Harstem - Winner!

  • Race: Protoss Protoss
  • League: Grandmaster
  • Spawn Location: 5:00

Event: 2019 Assembly Summer

VOD

Have the link to the VOD?

Description

Time

  • Played on: Aug. 1, 2019, 6:17 a.m.
  • Length: 8:03

All games in this series

Show
View Real Time Build Order
Export as new Build Order

Ragnarok Zerg 

Build Orders: Hatch First 

Get SALT Encoding   

  12  0:00  Drone  
  13  0:12  Overlord  
  13  0:17  Drone  
  14  0:30  Drone  
  14  0:31  Drone  
  16  0:47  Hatchery  
  15  0:51  Drone  
  15  0:54  Drone  
  17  0:58  Drone  
  18  1:08  Extractor  
  17  1:13  Spawning Pool  
  17  1:16  Drone  
  17  1:19  Drone  
  18  1:28  Drone  
  20  1:40  Drone  
  20  1:47  Hatchery  
  20  1:49  Drone  
  20  2:00  Drone, Zergling x2  
  22  2:06  Queen  
  24  2:10  Drone  
  24  2:13  Drone  
  26  2:20  Overlord  
  26  2:25  Queen  
  28  2:31  Metabolic Boost  
  28  2:39  Drone, Zergling x4  
  28  2:42  Zergling x2  
  32  2:46  Queen  
  34  2:51  Zergling x2  
  35  2:59  Queen  
  35  3:01  Drone x2  
  39  3:07  Overlord  
  39  3:10  Drone x2  
  39  3:12  Drone  
  42  3:16  Overlord  
  42  3:26  Drone  
  42  3:27  Drone x3  
  45  3:30  Queen  
  48  3:37  Drone x2  
  48  3:39  Drone  
  48  3:40  Spore Crawler  
  50  3:43  Drone x2  
  50  3:45  Drone  
  50  3:47  Drone  
  54  3:51  Drone x2  
  54  3:52  Drone  
  54  3:54  Spore Crawler  
  56  3:58  Drone x2  
  56  4:00  Overlord  
  58  4:03  Overlord  
  58  4:14  Roach Warren  
  58  4:15  Extractor  
  58  4:16  Lair, Extractor  
  56  4:17  Drone x2  
  56  4:21  Spore Crawler  
  56  4:23  Zergling x8  
  61  4:28  Spore Crawler  
  61  4:30  Zergling x8  
  64  4:35  Drone x3  
  67  4:41  Overlord  
  67  4:43  Drone  
  68  4:47  Overlord  
  68  4:52  Overlord  
  68  4:55  Roach x3  
  74  5:03  Roach x4  
  74  5:04  Overlord  
  82  5:07  Overlord  
  82  5:12  Roach x2  
  86  5:17  Ravager x2  
  86  5:19  Zergling x8  
  86  5:20  Zergling x2  
  93  5:22  Ravager  
  93  5:24  Zergling x6  
  97  5:28  Roach  
  97  5:32  Overlord  
  99  5:37  Roach x3  
  99  5:40  Zergling x6  
  107  5:44  Zergling x6  
  109  5:51  Roach x3  
  109  5:54  Zergling x2  
  110  5:58  Roach x2  
  110  6:00  Roach  
  110  6:03  Roach x2  
  107  6:08  Roach x2  
  107  6:10  Roach  
  106  6:13  Roach  
  106  6:15  Roach  
  106  6:17  Roach  
  101  6:18  Zergling x4  
  101  6:21  Roach  
  101  6:22  Zergling x2  
  101  6:23  Zergling x2  
  106  6:26  Zergling x2  
  106  6:29  Zergling x2  
  106  6:30  Ravager, Zergling x2  
  106  6:31  Zergling x4  
  112  6:39  Roach x2  
  104  6:40  Roach  
  104  6:42  Roach, Zergling x2  
  104  6:44  Zergling x2  
  106  6:48  Zergling x4  
  106  6:51  Zergling x2  
  106  6:53  Roach  
  99  6:56  Zergling x2  
  99  6:57  Zergling x2  
  99  7:00  Zergling x2  
  97  7:03  Zergling x4  
  97  7:05  Zergling x2  
  97  7:06  Ravager x2  
  97  7:08  Zergling x2  
  89  7:10  Zergling x2  
  89  7:15  Zergling x2  
  89  7:16  Zergling x2  
  89  7:20  Roach  
  79  7:26  Roach  
  79  7:27  Roach  
  81  7:35  Roach  
  76  7:37  Roach  
Show
View Real Time Build Order
Export as new Build Order

Harstem Protoss - Winner!

Build Orders: 1 Gate Expand 

Get SALT Encoding   

  12  0:00  Probe  
  13  0:12  Probe  
  14  0:18  Pylon  
  14  0:24  Probe  
  15  0:33  Probe  
  15  0:39  Gateway  
  15  0:41  Probe  
  17  0:51  Probe  
  17  0:52  Assimilator  
  18  1:03  Probe  
  19  1:15  Probe  
  20  1:24  Nexus  
  20  1:33  Cybernetics Core  
  20  1:36  Probe  
  21  1:42  Assimilator  
  21  1:48  Probe  
  21  1:51  Pylon  
  22  1:59  Adept  
  22  2:00  Probe  
  23  2:12  Probe  
  23  2:13  Robotics Facility  
  26  2:19  Adept  
  26  2:24  Probe  
  26  2:25  Warp Gate  
  29  2:36  Probe x2  
  31  2:48  Probe  
  31  2:49  Stalker  
  34  2:51  Warp Prism  
  34  2:53  Probe  
  35  3:04  Probe  
  38  3:10  Probe  
  39  3:15  Gateway  
  40  3:21  Immortal  
  40  3:22  Probe  
  40  3:25  Pylon  
  41  3:27  Probe  
  45  3:34  Probe  
  46  3:43  Probe  
  46  3:45  Gateway  
  46  3:47  Probe  
  48  3:52  Immortal, Pylon  
  48  3:55  Probe  
  49  4:00  Probe  
  54  4:10  Probe  
  54  4:12  Gateway  
  54  4:14  Probe  
  54  4:15  Gateway  
  56  4:23  Pylon  
  56  4:28  Immortal, Assimilator  
  57  4:32  Gateway  
  57  4:33  Gateway  
  56  4:42  Probe  
  61  4:46  Sentry x3  
  61  4:50  Pylon  
  67  4:53  Pylon  
  67  4:58  Assimilator  
  67  5:07  Sentry  
  67  5:08  Observer  
  67  5:11  Zealot x4  
  78  5:21  Pylon  
  78  5:36  Sentry  
  78  5:37  Zealot x2, Sentry  
  78  5:40  Sentry, Pylon  
  78  5:41  Zealot x2  
  92  5:44  Pylon  
  92  6:01  Zealot x3, Sentry  
  92  6:02  Zealot x2  
  96  6:06  Pylon  
  92  6:19  Sentry  
  92  6:22  Zealot x5, Sentry  
  106  6:25  Pylon  
  106  6:29  Pylon  
  106  6:39  Sentry  
  100  6:43  Zealot x2  
  100  6:45  Sentry  
  100  6:47  Zealot x3  
  86  7:03  Zealot x2  
  86  7:06  Sentry  
  86  7:08  Zealot x4  
  92  7:21  Sentry  
  90  7:23  Sentry  
  90  7:26  Zealot  
  92  7:32  Zealot x3, Sentry  
  92  7:33  Observer, Probe  
  92  7:34  Probe  
  94  7:40  Zealot  
  98  7:45  Zealot  
  98  7:46  Probe  
  98  7:51  Zealot  
Tags
 
Add a new tag
Caveats
  • Supply blocks, unpowered buildings, or Contaminate may cause inaccurate times.
  • Supply counts are checked every 10 seconds.